 Dungeon Crawl Stone Soup version 0.30-b1-2-g02819fbbbe (webtiles) character file.

Game seed: 12212453800439042406

326 Alarkh the Shooter (level 6, -6/43 HPs)
             Began as a Demonspawn Hexslinger on May 23, 2023.
             Mangled by Edmund
             ... wielding a +1 flail of protection
              (8 damage)
             ... on level 6 of the Dungeon.
             The game lasted 00:06:04 (2981 turns).

Alarkh the Shooter (Demonspawn Hexslinger)          Turns: 2981, Time: 00:06:05

Health: -6/43      AC:  8    Str: 10    XL:     6   Next: 24%
Magic:  7/7        EV: 10    Int: 17    God:
Gold:   233        SH:  0    Dex: 13    Spells: 6/7 levels left

rFire   . . .        b - +2 dagger (flame)
rCold   . . .        (no shield)
rNeg    . . .        k - +0 ring mail
rPois   .            s - +0 helmet
rElec   .            d - +1 cloak {rCorr}
rCorr   +            (no gloves)
SInv    .            (no boots)
Will    .....        q - amulet of the acrobat
Stlth   +            (no ring)
HPRegen 0.27/turn    (no ring)
MPRegen 0.10/turn

%: acrobat
@: mighty
A: weakness stinger 2
a: no special abilities


You were on level 6 of the Dungeon.
You visited 1 branch of the dungeon, and saw 5 of its levels.

You collected 233 gold pieces.

Inventory:

Hand Weapons
 a - a +1 sling
 b - a +2 dagger of flaming (weapon)
Missiles
 e - 11 poisoned darts
Armour
 c - a +0 robe
 d - a +1 cloak of preservation (worn)
 k - a +0 ring mail (worn)
 s - a +0 helmet (worn)
Jewellery
 q - an amulet of the acrobat (around neck)
Scrolls
 h - a scroll of immolation
 i - a scroll of silence {unknown}
 m - a scroll of fog {unknown}
 n - a scroll of identify
 p - a scroll of poison
 r - a scroll of noise
Potions
 f - a potion of mutation
 g - a potion of magic
 j - a potion of flight


   Skills:
 - Level 1.0 Fighting
 + Level 6.1 Ranged Weapons
 - Level 1.7 Dodging
 - Level 1.0 Spellcasting
 - Level 3.0 Hexes


You had 6 spell levels left.
You knew the following spells:

 Your Spells              Type           Power      Damage    Failure   Level
a - Slow                  Hex            44%        N/A       16%         1

Your spell library contained the following spells:

 Spells                   Type           Power      Damage    Failure   Level
 Ensorcelled Hibernation  Hex/Ice        10%        N/A       41%         2
 Beastly Appendage        Tmut           0%         N/A       50%         1
 Cigotuvi's Dreadful Rot  Necr/Pois/Air  0%         N/A       63%         2
 Passwall                 Tmut/Erth      0%         N/A       63%         2
 Wereblood                Tmut           0%         N/A       63%         2
 Inner Flame              Hex/Fire       5%         N/A       65%         3
 Portal Projectile        Hex/Tloc       10%        N/A       65%         3
 Cause Fear               Hex            5%         N/A       85%         4
 Spider Form              Tmut/Pois      0%         N/A       86%         3
 Swiftness                Air            0%         N/A       86%         3
 Dispel Undead            Necr           0%         3d6       99%         4
 Death Channel            Necr           0%         N/A       100%        6


Dungeon Overview and Level Annotations

Branches:
Dungeon (4/15)
 Temple: D:4-7

Altars:
Gozag

Annotations:
D:4 Blork the orc
D:6 Edmund


Innate Abilities, Weirdness & Mutations

You have a tail ending in a sharp stinger.


Message History

You hit Edmund but do no damage.
Edmund is heavily wounded.
Edmund says, "I'm quite good with sums, too."
Edmund hits you with a +1 flail of protection.
Your +2 dagger of flaming stops flaming.
a - a +1 sling (weapon)
Edmund hits you with a +1 flail of protection.
You shoot a sling bullet.
The sling bullet hits Edmund but does no damage.
Edmund is heavily wounded.
Edmund hits you with a +1 flail of protection!
You shoot a sling bullet. The sling bullet hits Edmund.
Edmund is heavily wounded.
Edmund hits you with a +1 flail of protection.
You shoot a sling bullet. The sling bullet hits Edmund.
Edmund is heavily wounded.
Edmund hits you with a +1 flail of protection! x2
* * * LOW HITPOINT WARNING * * *
You are too injured to fight recklessly!
Okay, then.
As you read the scroll labelled EBODUC EK WONK, it crumbles to dust.
You hear a loud clanging noise!
It was a scroll of noise.
You hear a croak.
You hear a shout! x5
Edmund hits you with a +1 flail of protection!
* * * LOW HITPOINT WARNING * * *
You feel very mighty all of a sudden. Edmund closely misses you.
Your +2 dagger of flaming bursts into flame!
b - a +2 dagger of flaming (weapon)
You hit Edmund. You burn Edmund.
Edmund is heavily wounded.
Edmund misses you.
You puncture Edmund! You burn Edmund.
Edmund is almost dead.
Edmund barely misses you.
You hit Edmund. You burn Edmund.
Edmund is almost dead.
Edmund hits you with a +1 flail of protection!
You die...

#......#.........#.....#
#......#.........#.....#
+......#.........#.....#
#......##+######+#.....#
######.................#
.................#
.................#
.................#
.......@@........#
......########'### .....
#....# .... #....# ...
#....# ## #....# #....#
#....# ######


You could see Edmund.

Vanquished Creatures
  An orc priest (D:3)
  Crazy Yiuf (D:3)
  Terence (D:3)
  Jessica (D:3)
  Natasha (thrice) (D:3)
  An iguana (D:6)
  An orc wizard (D:3)
  Robin (D:3)
  A gnoll (D:1)
  5 worms
  An orc (D:3)
  A bat (D:3)
  4 endoplasms
  5 giant cockroaches
  13 goblins
  6 hobgoblins
  2 quokkas (D:3)
  5 ball pythons
  3 frilled lizards
  A kobold (D:3)
  3 rats
60 creatures vanquished.

Notes
Turn   | Place    | Note
-------+----------+-------------------------------------------
     0 | D:1      | Alarkh the Demonspawn Hexslinger began the quest for the
                  | Orb.
     0 | D:1      | Reached XP level 1. HP: 15/15 MP: 2/2
    56 | D:1      | Reached skill level 2 in Ranged Weapons
   163 | D:1      | Discovered your monstrous ancestry.
   163 | D:1      | Gained mutation: You have a small tail. [demonic ancestry]
   163 | D:1      | Reached XP level 2. HP: 18/21 MP: 3/3
   402 | D:1      | Reached skill level 3 in Ranged Weapons
   825 | D:2      | Gained mutation: You have a tail ending in a sharp stinger.
                  | [demonic ancestry]
   825 | D:2      | Reached XP level 3. HP: 26/26 MP: 4/4
   862 | D:2      | Found an opulent altar of Gozag.
  1240 | D:2      | Found a faded altar of an unknown god.
  1462 | D:3      | Noticed Robin
  1610 | D:3      | Noticed Jessica
  1630 | D:3      | Killed Robin
  1631 | D:3      | Reached skill level 4 in Ranged Weapons
  1631 | D:3      | Reached XP level 4. HP: 14/32 MP: 5/5
  1645 | D:3      | Killed Jessica
  1871 | D:3      | Noticed Natasha
  1885 | D:3      | Killed Natasha
  1967 | D:3      | Found a runed translucent door.
  1968 | D:3      | Noticed Crazy Yiuf
  2064 | D:3      | Reached XP level 5. HP: 30/37 MP: 6/6
  2071 | D:3      | Reached skill level 5 in Ranged Weapons
  2198 | D:3      | Noticed Natasha
  2215 | D:3      | Killed Natasha
  2283 | D:3      | Noticed Terence
  2307 | D:3      | Killed Terence
  2578 | D:3      | Noticed Natasha
  2590 | D:3      | Killed Natasha
  2591 | D:3      | Reached XP level 6. HP: 38/43 MP: 7/7
  2657 | D:3      | HP: 2/61 [Crazy Yiuf/+2 quarterstaff of chaos (6)]
  2662 | D:3      | Killed Crazy Yiuf
  2663 | D:3      | Reached skill level 6 in Ranged Weapons
  2798 | D:4      | Noticed Blork the orc
  2798 | D:4      | You fall into a shaft and drop 2 floors!
  2963 | D:6      | Noticed Edmund
  2975 | D:6      | HP: 1/43 [Edmund/+1 flail of protection (10)]
  2981 | D:6      | Mangled by Edmund

Illustrated notes

Levels and vault maps discovered:
D:1:      lemuel_arrival_hallway, layout_basic, serial_bayou_pond_d
D:2:      layout_loops_ring, basic_altar, basic_ecumenical_altar
D:3:      layout_basic, kennysheep_orc_chapel, uniq_natasha, uniq_robin,
          uniq_crazy_yiuf_cottage, uniq_jessica, uniq_terence
D:4:      layout_rooms, nicolae_figureground_sparkle, uniq_grinder,
          uniq_blork_the_orc
D:6:      layout_gridville, mainiacjoe_overflow_surrounded_room,
          minmay_overflow_temple_hex, hex_large, uniq_edmund, uniq_pikel,
          uniq_prince_ribbit1, uniq_eustachio

Skill      XL: |  1  2  3  4  5  6 |
---------------+-------------------+-----
Ranged Weapons | 2 3 4 5 6 |  6.1
Fighting       | |  1.0
Dodging        | |  1.7
Spellcasting   | |  1.0
Hexes          | |  3.0

Action                     |  1- 3 |  4- 6 || total
---------------------------+-------+-------++-------
  Melee: Dagger            |     3 |   121 ||   124
         Unarmed           |     1 |       ||     1
         Tailslap          |       |    16 ||    16
         Punch             |       |     2 ||     2
   Fire: Sling             |   116 |    14 ||   130
  Throw: Dart              |     4 |       ||     4
    Use: Scroll            |     5 |     2 ||     7
         Potion            |     2 |    10 ||    12
 Armour: Robe              |     1 |       ||     1
         Ring mail         |    20 |    14 ||    34
         Skin              |       |    21 ||    21
  Dodge: Dodged            |    40 |    38 ||    78
